Workbook

Sheet Акт
A1: АКТ № 55/2-2017
A2: приемки оказанных услуг и (или) выполненных работ по содержанию и текущему ремонту общего имущества в многоквартирном доме № 2 квартала 55.
A3: г. Ангарск | D3: "31" марта 2018 г.
A5: Наименование вида работы (услуги) | B5: Периодичность/ количественный показатель выполненной работы (оказанной услуги) | C5: Единица измерения работы (услуги) | D5: Стоимость /сметная стоимость выполненной работы (оказанной услуги) за единицу | E5: Цена выполненной работы (оказанной услуги), в рублях
A6: Аварийное обслуживание
A7: Аварийное обслуживание | B7: Ежедневно | C7: руб. | D7: =E7 -> 1553.6 | E7: 1553.6
A8: Благоустройство
A9: Выкашивание газонов | B9: 60 | C9: м2 | D9: =E9/B9 -> 3.95 | E9: 237
A10: Очистка вручную поверхности фасадов от перхлорвиниловых и масляных красок: с люлей | B10: 0.015 | C10: 100 м2 | D10: =E10/B10 -> 41692 | E10: 625.38
A11: Очистка желобов от мусора: вручную (при расчете 1 кг. мусора = 1 м 1 желоба) | B11: 30 | C11: м | D11: =E11/B11 -> 110.35167 | E11: 3310.55
A12: Вывоз и утилизация ТКО, в т.ч. крупногабаритного мусора
A13: Услуги по вывозу и утилизации ТБО, в т.ч. крупногабаритного мусора | B13: Ежедневно | C13: руб. | D13: =E13 -> 30116.02 | E13: 30116.02
A14: Изготовление плана благоустройства
A15: Изготовление плана благоустройства | B15: По факту | C15: руб. | D15: =E15 -> 3376.8 | E15: 3376.8
A16: Обслуживание и текущий ремонт электрооборудования жилых домов
A17: Обслуживание и текущий ремонт электрооборудования жилых домов | B17: По плану | C17: руб. | D17: =E17 -> 3952.85 | E17: 3952.85
A18: Обслуживание инженерного оборудования
A19: Запуск системы отопления. | B19: 1 | C19: 1 здание | D19: =E19/B19 -> 796.94 | E19: 796.94
A20: Опрессовка ТУ диаметром: до 50 мм | B20: 0.07 | C20: 100 м | D20: =E20/B20 -> 3731 | E20: 261.17
A21: Осмотр подвальных помещений (засоры, подпоры) прим. | B21: 0.54 | C21: 1000 м2 | D21: =E21/B21 -> 1354.2407 | E21: 731.29
A22: Осмотр системы центрального отопления, устройств в чердачных и подвальных помещениях. | B22: 0.27 | C22: 1000 м2 | D22: =E22/B22 -> 1551.8519 | E22: 419
A23: Осмотр СТО | B23: 0.01 | C23: 100 квартир | D23: =E23/B23 -> 19228 | E23: 192.28
A24: Осмотр СТО в чердачных и подвальных помещениях (весенний и осенний) | B24: 0.75 | C24: 1000 м2 | D24: =E24/B24 -> 1559.08 | E24: 1169.31
A25: Осмотр, РХВ замеры | B25: 0.02 | C25: 100 шт. | D25: =E25/B25 -> 22494.5 | E25: 449.89
A26: Отключение системы отопления (консервация) - прим. | B26: 1 | C26: 1 здание | D26: =E26/B26 -> 384.58 | E26: 384.58
A27: Очистка канализационной сети: внутренней | B27: 0.35 | C27: 100 м | D27: =E27/B27 -> 11909.4 | E27: 4168.29
A28: Очистка канализационной сети: дворовой | B28: 0.15 | C28: 100 м | D28: =E28/B28 -> 36590.133 | E28: 5488.52
A29: Перевод отопления с подачи на обратку или с обратки на подачу | B29: 4 | C29: узел | D29: =E29/B29 -> 160.43 | E29: 641.72
A30: Подготовка элеваторного узла Д-50 к зиме | B30: 1 | C30: шт | D30: =E30/B30 -> 2918.24 | E30: 2918.24
... A34: Снятие и запись замера в наряде (ИТП,РХВ) | B34: 28 | C34: 1 ИТП | D34: =E34/B34 -> 228.12357 | E34: 6387.46
A35: Обслуживание конструктивных элементов
A36: Осмотр квартир | B36: 0.01 | C36: 100 квартир | D36: =E36/B36 -> 24322 | E36: 243.22
A37: Осмотр кровли, чердака, подъездов, подвального помещения - весенний осмотр | B37: 0.717 | C37: 1000 м2 | D37: =E37/B37 -> 1557.1827 | E37: 1116.5
A38: Осмотр СТО в чердачных и подвальных помещениях (весенний и осенний) | B38: 0.77 | C38: 1000 м2 | D38: =E38/B38 -> 1613.3766 | E38: 1242.3
A39: Очистка желобов от мусора: вручную (при расчете 1 кг. мусора = 1 м 1 желоба) с вышки | B39: 4 | C39: м | D39: =E39/B39 -> 228.95 | E39: 915.8
A40: Очистка кровли от снега толщ. 10 см, сбивание сосулей (в) | B40: 98 | C40: 1 м 2 основания | D40: =E40/B40 -> 68.703367 | E40: 6732.93
A41: Проверка наличия тяги в ДВ и вент. каналах | B41: 0.06 | C41: 1000 м2 | D41: =E41/B41 -> 1703.5 | E41: 102.21
A42: Расходы на истребование задолженности по оплате жилых помещений
A43: Истребование дебиторской задолженности | B43: По факту | C43: руб. | D43: =E43 -> 305.8 | E43: 305.8
A44: Текущий ремонт инженерного оборудования
A45: Замена канализационного выпуска | B45: По факту | C45: руб. | D45: =E45 -> 51948.07 | E45: 51948.07
A46: Изоляция трубопровода матами с совмещенным покрывным слоем | B46: 0.077 | C46: 1 м3 | D46: =E46/B46 -> 19832.987 | E46: 1527.14
A47: Очистка фильтра от накипи (отложений) | B47: 2 | C47: шт | D47: =E47/B47 -> 936.9 | E47: 1873.8
A48: Прокладка трубопроводов канализационных из полиэтиленовых труб | B48: 0.101 | C48: 100 м | D48: =E48/B48 -> 49658.416 | E48: 5015.5
A49: Прочистка вентиляционных каналов. | B49: 0.03 | C49: 100 м | D49: =E49/B49 -> 10234.333 | E49: 307.03
A50: Разборка грунта вручную в траншеях глубиной до 2 м без крепления с откосами, группа грунтов: 2 | B50: 0.005 | C50: 100 м3 | D50: =E50/B50 -> 49328 | E50: 246.64
A51: Разборка трубопровода из чугунных канализационных труб. | B51: 0.101 | C51: 100 м | D51: =E51/B51 -> 26866.04 | E51: 2713.47
A52: Смена резиновых манжет на раструбе канализационной трубы | B52: 1 | C52: шт | D52: =E52/B52 -> 656.97 | E52: 656.97
A53: Установка заглушек на трубопроводах д. до 50мм | B53: 0.01 | C53: 100 шт. | D53: =E53/B53 -> 44564 | E53: 445.64
A54: Устройство решетки на приямок из просечки | B54: 1 | C54: шт | D54: =E54/B54 -> 4509.39 | E54: 4509.39
A55: Текущий ремонт конструктивных элементов жилых зданий
A56: Демонтаж досок с подвальных окон | B56: 0.34 | C56: 10 м2 | D56: =E56/B56 -> 579.44118 | E56: 197.01
A57: Изготовление дверного полотна | B57: 1.32 | C57: м2 | D57: =E57/B57 -> 524.76515 | E57: 692.69
A58: Изготовление профилированных брусков. Коробки оконные и дверные: узкие (шириной до 100 мм) | B58: 5.2 | C58: 100 шт. | D58: =E58/B58 -> 66.703846 | E58: 346.86
A59: Изготовление столярных тяг, раскладки (штапики, притворные планки и окладные калевки) простого проф | B59: 1 | C59: 100 м | D59: =E59/B59 -> 2411.81 | E59: 2411.81
A60: М. ремонт (пристрожка) оконных коробок | B60: 8 | C60: 1 блок, 4 секции | D60: =E60/B60 -> 125.9375 | E60: 1007.5
A61: Протравка фасадов: простых с люлек | B61: 0.015 | C61: 100 м2 | D61: =E61/B61 -> 19258 | E61: 288.87
A62: Разборка хоз. кладовых (1) | B62: 1.837 | C62: 100 м2 | D62: =E62/B62 -> 4389.4339 | E62: 8063.39
A63: Ремонт дверных полотен (выдергивание гвоздей, подгонка, установка, укрепление притворной планки) | B63: 1 | C63: шт | D63: =E63/B63 -> 337.11 | E63: 337.11
A64: Ремонт обделок из листовой стали (парапета, карниза, отливов, поясков, сандриков, брандмауэров) | B64: 4 | C64: м | D64: =E64/B64 -> 179.6625 | E64: 718.65
A65: Ремонт оконных переплетов с заменой брусков: с изготовлением элементов по размеру и профилю | B65: 0.07 | C65: 100 шт. | D65: =E65/B65 -> 149332.29 | E65: 10453.26
A66: Ремонт отдельных мест покрытия из асбоцементных листов: обыкновенного профиля (мат. БУ) | B66: 1.23 | C66: м2 | D66: =E66/B66 -> 232.36585 | E66: 285.81
A67: Ремонт отдельных мест скатной кровли (материалом Ризолит) | B67: 0.5 | C67: м2 | D67: =E67/B67 -> 314.46 | E67: 157.23
... A81: Установка подвального окна с изготовлением, остеклением, окраской- створки | B81: 1 | C81: 1 рама | D81: =E81/B81 -> 4939.41 | E81: 4939.41
A82: Транспортные расходы
A83: Услуги а/вышки | B83: По факту | C83: руб. | D83: =E83 -> 1215.74 | E83: 1215.74
A84: Услуги автотранспорта | B84: По факту | C84: руб. | D84: =E84 -> 2150 | E84: 2150
A85: Уборка лестничных клеток
A86: Уборка л/клеток | B86: Еженедельно | C86: м2 | D86: =E86 -> 12787.36 | E86: 12787.36
A87: Уборка придомовой территории
A88: Уборка придомовой территории | B88: Еженедельно | C88: м2 | D88: =E88 -> 32745.19 | E88: 32745.19
A89: Уборка чердаков и подвалов
A90: Очистка чердаков и подвалов | B90: 312.7 | C90: м2 | D90: =E90/B90 -> 7.049984 | E90: 2204.53
A91: Услуги по управлению МКД
A92: Услуги по управлению МКД | B92: Ежедневно | C92: руб. | D92: =E92 -> 30699.023 | E92: =Бюджет!C27*10% -> 30699.023
A93: Итого: | E93: =SUM(E6:E92) -> 281196.17
A95: Всего за период с "01" января 2017 г. по "31"декабря 2017 г. выполнено работ (оказано услуг)
A96: на общую сумму 281 196,17 руб. (Двести восемьдесят одна тысяча сто девяносто шесть рублей 17 копеек).
A97: Работы (услуги) выполнены (оказаны) полностью, в установленные сроки, с надлежащим качеством.
A98: Претензий по выполнению условий Договора Стороны друг к другу не имеют.
A99: Настоящий Акт составлен в 2-х экземплярах, имеющих одинаковую юридическую силу,
A100: по одному для каждой из Сторон.
A102: Подписи Сторон:
A104: Исполнитель - Директор ООО "ЖЭУ № 6" Плотников А.А. | C104: __________________________
A105: (должность, ФИО) | C105: (подпись)
A107: Заказчик - ____________________________________________________ | C107: __________________________
A108: (ФИО) | C108: (подпись)

Sheet Бюджет
A1: Отчет по бюджету №55/2-2017
A3: Период: с 01.01.2017 по 31.12.2017 года.
A5: Строение / По типу работ | B5: Расходы | C5: Начисления | D5: Поступления
A6: Долг за выполненные работы на 01.01.2017 | D6: 5784.41
A7: Cодержание жилья | C7: 148248.36 | D7: 143409.69
A8: Аренда общего имущества МКД | C8: 73920 | D8: 73920
A9: Вывоз и утилизация ТКО | C9: 29958.72 | D9: 26493.07
A10: Реклама расположенная на общем имуществе МКД | C10: 3000 | D10: 3000
A11: Целевой сбор | C11: 51863.15 | D11: 17113.23
A12: Аварийное обслуживание | B12: =Акт!E7 -> 1553.6
A13: Благоустройство | B13: =SUM(Акт!E9:E11) -> 4172.93
A14: Вывоз и утилизация ТКО, в т.ч. крупногабаритного мусора | B14: =Акт!E13 -> 30116.02
A15: Изготовление плана благоустройства | B15: =Акт!E15 -> 3376.8
A16: Обслуживание и текущий ремонт электрооборудования жилых домов | B16: =Акт!E17 -> 3952.85
A17: Обслуживание инженерного оборудования | B17: =SUM(Акт!E19:E34) -> 25994.94
A18: Обслуживание конструктивных элементов | B18: =SUM(Акт!E36:E41) -> 10352.96
A19: Расходы на истребование задолженности по оплате жилых помещений | B19: =Акт!E43 -> 305.8
A20: Текущий ремонт инженерного оборудования | B20: =SUM(Акт!E45:E54) -> 69243.65
A21: Текущий ремонт конструктивных элементов жилых зданий | B21: =SUM(Акт!E56:E81) -> 50324.78
A22: Транспортные расходы | B22: =SUM(Акт!E83:E84) -> 3365.74
A23: Уборка лестничных клеток | B23: =Акт!E86 -> 12787.36
A24: Уборка придомовой территории | B24: =Акт!E88 -> 32745.19
A25: Уборка чердаков и подвалов | B25: =Акт!E90 -> 2204.53
A26: Услуги по управлению МКД | B26: =Акт!E92 -> 30699.023
A27: Итого: | B27: =SUM(B7:B26) -> 281196.17 | C27: =SUM(C7:C26) -> 306990.23 | D27: =SUM(D7:D26) -> 263935.99 | E27: =D27-B27-D6 -> -23044.593
A28: Долг за выполненные работы (доходы за минусом расходов) на 01.01.2018 г. - 23 044,59 руб.
A29: Задолженность по оплате за содержание и текущий ремонт на 01.01.2018 г. - 84 005,58 руб.
A31: Директор ООО "ЖЭУ №6" Плотников А.А. __________________
A32: Отчет составил: экономист Сундукова Ю.А. _______________
A33: Отчет получил: ________________________________________________________
A34: Дата __________________

Sheet 2018
A1: Отчет по бюджету № 55/2-2018
A3: Период: с 01.01.2018 по 31.12.2018 года.
A5: ОБЩИЕ СВЕДЕНИЯ ОБ ОБЪЕКТЕ
A6: Этажность | B6: 3 | C6: Общая жилая площадь, м2 | D6: 995.9 | E6: Площадь кровли, м2 | F6: 626.8
A7: Количество подъездов | B7: 2 | C7: Площадь нежилых помещений, м2 | D7: 0 | E7: Площадь чердаков, м2 | F7: 404.4
A8: Количество квартир | B8: 9 | C8: Площадь л/ клеток, тамбуров, лифтов, м/камер, м2 | D8: 53.2 | E8: Площадь подвалов, м2 | F8: 312.7
A11: Наименование | F11: Значение
A12: Переходящие остатки денежных средств за выполненные работы (на начало периода; + резерв, - долг) | F12: -23044.59
A13: Задолженность по оплате за содержание и текущий ремонт общего имущества МКД (на начало периода) | F13: 79491.67
A14: Начислено за работы (услуги) по содержанию и текущему ремонту и аренду общего имущества МКД, в том числе: | F14: =SUM(F15:F17) -> 258630
A15: - за жилые помещения | F15: 179142
A16: - за нежилые помещения
A17: - за рекламу и аренду общего имущества МКД | F17: 79488
A18: Получено денежных средств, в т. ч: | F18: =SUM(F19:F21) -> 240033.09
A19: - за жилые помещения | F19: 167025.09
A20: - за нежилые помещения
A21: - за рекламу и аренду общего имущества МКД | F21: =66528+6480 -> 73008
A22: Всего денежных средств с учетом остатков | F22: =F12+F18 -> 216988.5
A23: Выполненные работы (оказанные услуги) по содержанию общего имущества и текущему ремонту в отчетном периоде | F23: ='Акт (2)'!E63 -> 153971.3
A24: Переходящие остатки денежных средств за выполненные работы (на конец периода; + резерв, - долг) | F24: =F22-F23 -> 63017.199
A25: Задолженность по оплате за содержание и текущий ремонт общего имущества МКД (на конец периода) | F25: =F13+F14-F18 -> 98088.58
A27: Директор ООО "ТРЭК" Плотников А.А. __________________
A28: Отчет составил: экономист Осипова М.С. _______________
A29: Отчет получил: ________________________________________________________
A30: Дата __________________

Sheet Акт (2)
A1: АКТ № 55/2-2018
A2: приемки оказанных услуг и (или) выполненных работ по содержанию и текущему ремонту общего имущества в многоквартирном доме № 2 квартала 55.
A3: г. Ангарск | D3: "31" марта 2019 г.
A5: Наименование вида работы (услуги) | B5: Периодичность/ количественный показатель выполненной работы (оказанной услуги) | C5: Единица измерения работы (услуги) | D5: Стоимость /сметная стоимость выполненной работы (оказанной услуги) за единицу | E5: Цена выполненной работы (оказанной услуги), в рублях
A6: Аварийное обслуживание
A7: Аварийное обслуживание | B7: Ежедневно | C7: руб. | D7: =E7 -> 1553.6 | E7: 1553.6
A8: Благоустройство
A9: Окраска известковыми составами: по кирпичу и бетону (бордюр. столбики, столбы) | B9: 0.17 | C9: 100 м2 | D9: =E9/B9 -> 4734.4118 | E9: 804.85
A10: Окраска качели-балансир | B10: 1 | C10: шт | D10: =E10/B10 -> 532.52 | E10: 532.52
A11: Вывоз и утилизация ТКО, в т.ч. крупногабаритного мусора
A12: Вывоз и утилизация ТКО, в т.ч. крупногабаритный мусор | B12: Ежедневно | C12: руб. | D12: =E12 -> 30116.02 | E12: 30116.02
A13: Изготовление ключей
A14: Изготовление ключей | B14: По факту | C14: шт | D14: =E14 -> 400 | E14: 400
A15: Обслуживание и текущий ремонт электрооборудования жилых домов
A16: Обслуживание и текущий ремонт электрооборудования жилых домов | B16: По плану | C16: руб. | D16: =E16 -> 2748.14 | E16: =299.81+2448.33 -> 2748.14
A17: Обслуживание инженерного оборудования
A18: Запуск потока воды: отопление, ГВС | B18: 1 | C18: 1 узел | D18: =E18/B18 -> 83.75 | E18: 83.75
A19: Запуск системы отопления. | B19: 1 | C19: 1 здание | D19: =E19/B19 -> 839.52 | E19: 839.52
A20: Ликвидация воздушных пробок в системе отопления, в стояке | B20: 2 | C20: 1 стояк | D20: =E20/B20 -> 468.24 | E20: 936.48
A21: Опрессовка ТУ диаметром: до 50 мм | B21: 0.07 | C21: 100 м | D21: =E21/B21 -> 6095.4286 | E21: 426.68
A22: Осмотр выпусков канализации (засоры, подпоры) прим. | B22: 1 | C22: 1 здание | D22: =E22/B22 -> 254.67 | E22: 254.67
A23: Осмотр СТО | B23: 0.06 | C23: 100 квартир | D23: =E23/B23 -> 25007.333 | E23: 1500.44
A24: Осмотр СТО в чердачных и подвальных помещениях (весенний и осенний) | B24: 2.255 | C24: 1000 м2 | D24: =E24/B24 -> 1678.7805 | E24: 3785.65
A25: Откачка воды из ливневки, приямка. дренажного колодца | B25: 0.015 | C25: 100 м3 | D25: =E25/B25 -> 67547.333 | E25: 1013.21
A26: Отключение системы отопления (консервация) | B26: 1 | C26: 1 здание | D26: =E26/B26 -> 503.4 | E26: 503.4
A27: Очистка канализационной сети: внутренней | B27: 0.3 | C27: 100 м | D27: =E27/B27 -> 13903.3 | E27: 4170.99
A28: Перевод отопления с подачи на обратку или с обратки на подачу | B28: 2 | C28: узел | D28: =E28/B28 -> 218.605 | E28: 437.21
A29: Перекрытие потока воды: отопление, ГВС | B29: 1 | C29: 1 узел | D29: =E29/B29 -> 67.25 | E29: 67.25
... A34: Снятие и запись замера в наряде (ИТП,РХВ) | B34: 28 | C34: 1 ИТП | D34: =E34/B34 -> 253.36429 | E34: 7094.2
A35: Обслуживание конструктивных элементов
A36: Закрытие слуховых окон и люков выхода на кровлю | B36: 0.3 | C36: 10 шт. | D36: =E36/B36 -> 1920.4667 | E36: 576.14
A37: Осмотр кровли, чердака, подъездов, подвального помещения -подготовка к зиме | B37: 0.769 | C37: 1000 м2 | D37: =E37/B37 -> 1651.2354 | E37: 1269.8
A38: Очистка кровли от снега, сбивание сосулей | B38: 65 | C38: 1 м 2 основания | D38: =E38/B38 -> 47.073385 | E38: 3059.77
A39: Плановые проверки вентиляционных каналов и оголовков | C39: м2 | D39: =E39 -> 1915.38 | E39: 1915.38
A40: Укрепление дверных приборов: петли (шарниры), шпингалеты, ручки накладные | B40: 0.01 | C40: 100 шт. | D40: =E40/B40 -> 43125 | E40: 431.25
A41: Текущий ремонт инженерного оборудования
A42: Подчеканка раструбов канализационных труб диаметром: до 50 мм | B42: 1 | C42: шт | D42: =E42/B42 -> 193.96 | E42: 193.96
A43: Текущий ремонт конструктивных элементов жилых зданий
A44: Заделка подвальных окон: (изовером, пенопропиленом и тд) | B44: 0.26 | C44: 10 м2 | D44: =E44/B44 -> 3105.1923 | E44: 807.35
A45: Огрунтовка ранее окрашенных фасадов под окраску перхлорвиниловыми красками: сложных с вышки | B45: 0.085 | C45: 100 м2 | D45: =E45/B45 -> 22061.059 | E45: 1875.19
A46: Отбивка штукатурки с поверхностейстолбов, колонн | B46: 0.085 | C46: 100 м2 | D46: =E46/B46 -> 12297.412 | E46: 1045.28
A47: Постановка заклепок в местах соединения труб | B47: 0.16 | C47: 100 шт. | D47: =E47/B47 -> 3787.3125 | E47: 605.97
A48: Протравка фасадов: простых с люлек | B48: 0.085 | C48: 100 м2 | D48: =E48/B48 -> 17012.941 | E48: 1446.1
A49: Ремонт дверных коробок узких: в деревянных стенах без снятия полотен | B49: 0.1 | C49: 10 коробок | D49: =E49/B49 -> 16310.8 | E49: 1631.08
A50: Ремонт дверных полотен | B50: 0.01 | C50: 100 шт. | D50: =E50/B50 -> 118896 | E50: 1188.96
A51: Смена частей водосточных труб: отливов (отметов) | B51: 0.05 | C51: 100 шт. | D51: =E51/B51 -> 54182.2 | E51: 2709.11
A52: Смена частей водосточных труб: прямых звеньев с земли, лестниц или подмостей | B52: 0.011 | C52: 100 м | D52: =E52/B52 -> 48830 | E52: 537.13
A53: Смена: колен водосточных труб | B53: 0.01 | C53: 100 шт. | D53: =E53/B53 -> 58891 | E53: 588.91
A54: Транспортные расходы
A55: Услуги автотранспорта | B55: По факту | C55: руб. | D55: =E55 -> 3140 | E55: 3140
A56: Уборка лестничных клеток
A57: Уборка л/клеток | B57: По тарифу | C57: м2 | D57: =E57 -> 12787.36 | E57: 12787.36
A58: Уборка придомовой территории
A59: Уборка придомовой территории | B59: По тарифу | C59: м2 | D59: =E59 -> 32529.68 | E59: 32529.68
A60: Услуги по вывозу и утилизации листвы, веток, деревьев, скошенной травы , смета и др. | B60: По факту | C60: руб. | D60: =E60 -> 833.69 | E60: 833.69
A61: Услуги по управлению МКД
A62: Услуги по управлению МКД | B62: Ежедневно | C62: руб. | D62: =E62 -> 13997.391 | E62: =SUM(E6:E60)*10% -> 13997.391
A63: Итого: | E63: =SUM(E6:E62) -> 153971.3
A65: Всего за период с "01" января 2018 г. по "31"декабря 2018 г. выполнено работ (оказано услуг) на общую сумму 153 971,30 руб. (Сто пятьдесят три тысячи девятьсот семьдесят один рубль 30 копеек)
A67: Работы (услуги) выполнены (оказаны) полностью, в установленные сроки, с надлежащим качеством.
A68: Претензий по выполнению условий Договора Стороны друг к другу не имеют.
A69: Настоящий Акт составлен в 2-х экземплярах, имеющих одинаковую юридическую силу, по одному для каждой из Сторон.
A73: Подписи Сторон:
A75: Исполнитель - Директор ООО "ТРЭК" Плотников А.А. | C75: __________________________
A76: (должность, ФИО) | C76: (подпись)
A78: Заказчик - ____________________________________________________ | C78: __________________________
A79: (ФИО) | C79: (подпись)

Sheet 2019
A1: Отчет по бюджету № 55/2-2019
A3: Период: с 01.01.2019 по 31.12.2019 года.
A5: ОБЩИЕ СВЕДЕНИЯ ОБ ОБЪЕКТЕ
A6: Этажность | B6: 3 | C6: Общая жилая площадь, м2 | D6: 995.9 | E6: Площадь кровли, м2 | F6: 626.8
A7: Количество подъездов | B7: 2 | C7: Площадь нежилых помещений, м2 | D7: 0 | E7: Площадь чердаков, м2 | F7: 404.4
A8: Количество квартир | B8: 9 | C8: Площадь л/ клеток, тамбуров, лифтов, м/камер, м2 | D8: 53.2 | E8: Площадь подвалов, м2 | F8: 312.7
A11: Наименование | F11: Значение
A12: Переходящие остатки денежных средств за выполненные работы (на начало периода; + резерв, - долг) | F12: 63017.2
A13: Задолженность по оплате за содержание и текущий ремонт общего имущества МКД (на начало периода) | F13: =6480+91609.18 -> 98089.18
A14: Начислено за работы (услуги) по содержанию и текущему ремонту и аренду общего имущества МКД, в том числе: | F14: =SUM(F15:F17) -> 275042.28
A15: - за жилые помещения | F15: =158706.6+20436+859.68 -> 180002.28
A16: - за нежилые помещения
A17: - за рекламу и аренду общего имущества МКД | F17: 95040
A18: Получено денежных средств, в т. ч: | F18: =SUM(F19:F21) -> 318835.35
A19: - за жилые помещения | F19: =859.68+223475.67 -> 224335.35
A20: - за нежилые помещения
A21: - за рекламу и аренду общего имущества МКД | F21: 94500
A22: Всего денежных средств с учетом остатков | F22: =F12+F18 -> 381852.55
A23: Выполненные работы (оказанные услуги) по содержанию общего имущества и текущему ремонту в отчетном периоде | F23: =акт19!E74 -> 164580.39
A24: Переходящие остатки денежных средств за выполненные работы (на конец периода; + резерв, - долг) | F24: =F22-F23 -> 217272.16
A25: Задолженность по оплате за содержание и текущий ремонт общего имущества МКД (на конец периода) | F25: =F13+F14-F18 -> 54296.11
A27: Директор ООО "ТРЭК" Плотников А.А. __________________
A28: Отчет составил: экономист Осипова М.С. _______________
A29: Отчет получил: ________________________________________________________
A30: Дата __________________

Sheet акт19
A2: .
B3: АКТ № 55/2
B4: приемки оказанных услуг и (или) выполненных работ по содержанию
B5: и текущему ремонту общего имущества в многоквартирном доме
A6: г. Ангарск | E6: 31 марта 2020 г.
A8: Собственники помещений в многоквартином доме, расположенном по адресу: ________________________ , именуемые в дальнейшем "Заказчик", в лице ___________________________________________________________________________________,
A9: являющегося собственником квартиры № _____, находящейся в данном многоквартирном доме, действующего на основании протокола общего собрания собственников, с одной стороны, и управляющая компания ООО "ТРЭК", именуемая в дальнейшем
A10: "Исполнитель", в лице директора Плотникова А.А., действующего на основании Устава, с другой стороны, совместно именуемые "Стороны", составили настоящий акт о нижеследующем:
A11: 1. Исполнителем предъявлены к приемке следующие оказанные на основании договора управления многоквартирным домом или договора оказания услуг по содержанию и (или) выполнению работ по ремонту общего имущества в многоквартирном
A12: доме, либо договора подряда по выполнению работ по ремонту общего имущества в многоквартирном доме (указать нужное) № _______ от "____" ___________________ ______ г. (далее - "Договор") услуги и (или) выполненные работы по содержанию
A13: и текущему ремонту общего имущества в многоквартирном доме № _____, расположенном по адресу: ______________________:
A14: Наименование вида работы (услуги) | B14: Периодичность / количественный показатель выполненной работы (оказанной услуги) | C14: Единица измерения работы (услуги) | D14: Стоимость / сметная стоимость выполненной работы (оказанной услуги) за единицу | E14: Цена выполненной работы (оказанной услуги), в рублях
A15: Аварийное обслуживание
A16: Аварийное обслуживание | B16: Ежедневно | C16: руб. | D16: 0.13 | E16: 1553.6
A17: Благоустройство и обеспечение санитарного состояния МКД и придомовой територии
A18: Валка деревьев без корчевки пня м-лиственных, тв-лиственных пород (кроме тополя) д.ствола до 24 см | B18: 1 | C18: 1 дерево | D18: =E18/B18 -> 2890.72 | E18: 2890.72
A19: Валка деревьев в городских условиях: (дуб, бук, граб, клен, ясень) д. до 300мм | B19: 0.81 | C19: 1 м3 | D19: =E19/B19 -> 3856.3457 | E19: 3123.64
A20: Валка деревьев в городских условиях: (липа, сосна, кедр, тополь) д. до 300мм | B20: 1 | C20: 1 м3 | D20: =E20/B20 -> 1256.45 | E20: 1256.45
A21: Уборка придомовой территории и лестничных клеток | B21: По тарифу | C21: м2 | D21: =E21 -> 49260.8 | E21: 49260.8
A22: Уборка чердаков и подвалов | B22: По тарифу | C22: м2 | D22: =E22 -> 996.1 | E22: 996.1
A23: Услуги спец.техники по благоустройству (очистка наледи, снега) | B23: По факту | C23: руб. | D23: =E23 -> 622.48 | E23: 622.48
A24: Обслуживание и текущий ремонт инженерного оборудования
A25: Замена сборки Д-20 без спускника | B25: 1 | C25: шт | D25: =E25/B25 -> 1639.61 | E25: 1639.61
A26: Замена сборки Д-25 со спускником | B26: 1 | C26: шт | D26: =E26/B26 -> 2407.02 | E26: 2407.02
A27: Смена внутренних трубопроводов из стальных труб д. 25 мм | B27: 0.015 | C27: 100 м | D27: =E27/B27 -> 71285.333 | E27: 1069.28
A28: Запуск потока воды: отопление, ГВС | B28: 1 | C28: 1 узел | D28: =E28/B28 -> 91.38 | E28: 91.38
A29: Запуск системы отопления. | B29: 1 | C29: 1 здание | D29: =E29/B29 -> 907.5 | E29: 907.5
A30: Осмотр и устранение мелких неисправностей на РХВ | B30: 1 | C30: шт | D30: =E30/B30 -> 150.94 | E30: 150.94
A31: Осмотр подвальных помещений (засоры, подпоры) прим. | B31: 0.27 | C31: 1000 м2 | D31: =E31/B31 -> 1791.9259 | E31: 483.82
A32: Осмотр системы центрального отопления, устройств в чердачных и подвальных помещениях. | B32: 0.1 | C32: 1000 м2 | D32: =E32/B32 -> 1791.3 | E32: 179.13
A33: Осмотр системы центрального отопления, устройства в чердачных и подвальных помещениях | B33: 0.27 | C33: 1000 м2 | D33: =E33/B33 -> 1814.6667 | E33: 489.96
A34: Осмотр СТО | B34: 0.03 | C34: 100 квартир | D34: =E34/B34 -> 27286.333 | E34: 818.59
A35: Осмотр СТО в чердачных и подвальных помещениях (весенний и осенний) | B35: 1.54 | C35: 1000 м2 | D35: =E35/B35 -> 1804.3961 | E35: 2778.77
A36: Откачка воды из ливневки, приямка. дренажного колодца | B36: 0.094 | C36: 100 м3 | D36: =E36/B36 -> 70413.83 | E36: 6618.9
... A45: Снятие и запись замера в наряде (ИТП,РХВ) | B45: 29 | C45: 1 ИТП | D45: =E45/B45 -> 271.28172 | E45: 7867.17
A46: Обслуживание и текущий ремонт конструктивных элементов
A47: Очистка вручную поверхности фасадов от перхлорвиниловых и масляных красок: с земли и лесов | B47: 0.101 | C47: 100 м2 | D47: =E47/B47 -> 9582.6733 | E47: 967.85
A48: Перенавеска водосточных труб | B48: 0.015 | C48: 100 м | D48: =E48/B48 -> 58794.667 | E48: 881.92
A49: Переустановка ухватов для водосточных труб в каменных стенах | B49: 0.02 | C49: 100 шт. | D49: =E49/B49 -> 17171 | E49: 343.42
A50: Постановка заклепок в местах соединения труб | B50: 0.54 | C50: 100 шт. | D50: =E50/B50 -> 5013.0185 | E50: 2707.03
A51: Протравка фасадов простых, карниза, с: земли и лесов (Прим) | B51: 0.101 | C51: 100 м2 | D51: =E51/B51 -> 9854.9505 | E51: 995.35
A52: Ремонт отдельных мест скатной кровли (материалом Ризолит) | B52: 1.26 | C52: м2 | D52: =E52/B52 -> 361.47619 | E52: 455.46
A53: Рыхление шлака на чердаке | B53: 1 | C53: м2 | D53: =E53/B53 -> 241.79 | E53: 241.79
A54: Смена частей водосточных труб: прямых звеньев с земли, лестниц или подмостей | B54: 0.055 | C54: 100 м | D54: =E54/B54 -> 49646.545 | E54: 2730.56
A55: Смена: колен водосточных труб | B55: 0.02 | C55: 100 шт. | D55: =E55/B55 -> 57704 | E55: 1154.08
A56: Смена: колен водосточных труб с вышки | B56: 0.02 | C56: 100 шт. | D56: =E56/B56 -> 153876 | E56: 3077.52
A57: Смена: прямых звеньев водосточных труб с автовышек | B57: 0.011 | C57: 100 м | D57: =E57/B57 -> 135132.73 | E57: 1486.46
A58: Осмотр квартир | B58: 0.01 | C58: 100 квартир | D58: =E58/B58 -> 28448 | E58: 284.48
... A61: Очистка кровли от снега, сбивание сосулей вышка | B61: 35 | C61: 1 м 1 основания | D61: =E61/B61 -> 101.12086 | E61: 3539.23
A62: Плановые проверки вентиляционных каналов и оголовков | B62: По графику | C62: 1000 м2 | D62: =E62 -> 4135.56 | E62: 4135.56
A63: Проверка исправности канализационных вытяжек | B63: 4 | C63: 1 кв | D63: =E63/B63 -> 228.3625 | E63: 913.45
A64: Смена ухватов для водосточных труб: в каменных стенах | B64: 0.01 | C64: 100 шт. | D64: =E64/B64 -> 30758 | E64: 307.58
A65: Обслуживание и текущий ремонт электрооборудования жилых домов
A66: Обслуживание и текущий ремонт электрооборудования жилых домов | B66: По договору | C66: руб. | D66: =E66 -> 3583.96 | E66: 3583.96
A67: Обслуживание ОДПУ
A68: Поверка и ремонт ОДПУ | B68: По договору | C68: руб. | D68: =E68 -> 11720 | E68: 11720
A69: Техническое обслуживание ОДПУ | B69: По договору | C69: руб. | D69: =E69 -> 5400 | E69: 5400
A70: Расходы на истребование задолженности по оплате жилых помещений
A71: Истребование дебиторской задолженности | B71: По факту | C71: руб. | D71: =E71 -> 753.88 | E71: 753.88
A72: Услуги по управлению МКД
A73: Услуги по управлению МКД | B73: Ежедневно | C73: руб. | D73: =E73 -> 14961.854 | E73: =SUM(E16:E71)*10% -> 14961.854
A74: Итого: | E74: =SUM(E16:E73) -> 164580.39
A76: 2. Всего за период с "01"января 2019 г. по "31"декября 2019 г. выполнено работ на общую сумму 164580.39 руб. (Сто шестьдесят четыре тысячи пятьсот восемьдесят рублей 39 копеек)
A77: 3. Работы (услуги) выполнены (оказаны) полностью, в установленные сроки, с надлежащим качеством.
A78: 4. Претензий по выполнению условий Договора Стороны друг к другу не имеют.
A79: Настоящий акт составлен в 2-х экземплярах, имеющих одинаковую юридическую силу, по одному для каждой из Сторон.
A81: Исполнитель - Директор ООО "ТРЭК", Плотников А.А.
A82: ________________________________________ ____________________________________
D83: (подпись)
A85: Заказчик - ________________________________________ __________________________________
D86: (подпись)

Sheet 2020
A1: Отчет по бюджету № 55/2-2020
A3: Период: с 01.01.2020 по 31.12.2020 года.
A5: ОБЩИЕ СВЕДЕНИЯ ОБ ОБЪЕКТЕ
A6: Этажность | B6: 3 | C6: Общая жилая площадь, м2 | D6: 995.9 | E6: Площадь кровли, м2 | F6: 626.8
A7: Количество подъездов | B7: 2 | C7: Площадь нежилых помещений, м2 | D7: 0 | E7: Площадь чердаков, м2 | F7: 404.4
A8: Количество квартир | B8: 9 | C8: Площадь л/ клеток, тамбуров, лифтов, м/камер, м2 | D8: 53.2 | E8: Площадь подвалов, м2 | F8: 312.7
A11: Наименование | F11: Значение
A12: Переходящие остатки денежных средств за выполненные работы (на начало периода; + резерв, - долг) | F12: 217272.16
A13: Задолженность по оплате за содержание и текущий ремонт общего имущества МКД (на начало периода) | F13: 54296.11
A14: Начислено за работы (услуги) по содержанию и текущему ремонту и аренду общего имущества МКД, в том числе: | F14: =SUM(F15:F17) -> 278673.86
A15: - за жилые помещения | F15: =179142.6+800 -> 179942.6
A16: - за нежилые помещения
A17: - за рекламу и аренду общего имущества МКД | F17: 98731.26
A18: Получено денежных средств, в т. ч: | F18: =SUM(F19:F21) -> 252192.39
A19: - за жилые помещения | F19: =154317.77+800 -> 155117.77
A20: - за нежилые помещения
A21: - за рекламу и аренду общего имущества МКД | F21: 97074.62
A22: Всего денежных средств с учетом остатков | F22: =F12+F18 -> 469464.55
A23: Выполненные работы (оказанные услуги) по содержанию общего имущества и текущему ремонту в отчетном периоде | F23: =Лист1!E92 -> 336311.74
A24: Переходящие остатки денежных средств за выполненные работы (на конец периода; + резерв, - долг) | F24: =F22-F23 -> 133152.8
A25: Задолженность по оплате за содержание и текущий ремонт общего имущества МКД (на конец периода) | F25: =F13+F14-F18 -> 80777.58 | H25: =72100.94+8676.64 -> 80777.58
A27: Директор ООО "ТРЭК" Плотников А.А. __________________
A28: Отчет составил: экономист Осипова М.С. _______________
A29: Отчет получил: ________________________________________________________
A30: Дата __________________

Sheet Лист1
A2: .
B3: АКТ № 55/2
A4: приемки оказанных услуг и (или) выполненных работ по содержанию
A5: и текущему ремонту общего имущества в многоквартирном доме
A6: г. Ангарск | E6: 31 марта 2021 г.
A8: Собственники помещений в многоквартином доме, расположенном по адресу: ________________________ , именуемые в дальнейшем "Заказчик", в лице ___________________________________________________________________________________,
A9: являющегося собственником квартиры № _____, находящейся в данном многоквартирном доме, действующего на основании протокола общего собрания собственников, с одной стороны, и управляющая компания ООО "ТРЭК", именуемая в дальнейшем
A10: "Исполнитель", в лице директора Плотникова А.А., действующего на основании Устава, с другой стороны, совместно именуемые "Стороны", составили настоящий акт о нижеследующем:
A11: 1. Исполнителем предъявлены к приемке следующие оказанные на основании договора управления многоквартирным домом или договора оказания услуг по содержанию и (или) выполнению работ по ремонту общего имущества в многоквартирном
A12: доме, либо договора подряда по выполнению работ по ремонту общего имущества в многоквартирном доме (указать нужное) № _______ от "____" ___________________ ______ г. (далее - "Договор") услуги и (или) выполненные работы по содержанию
A13: и текущему ремонту общего имущества в многоквартирном доме № _____, расположенном по адресу: ______________________:
A15: Наименование вида работы (услуги) | B15: Периодичность / количественный показатель выполненной работы (оказанной услуги) | C15: Единица измерения работы (услуги) | D15: Стоимость / сметная стоимость выполненной работы (оказанной услуги) за единицу | E15: Цена выполненной работы (оказанной услуги), в рублях
A16: Аварийное обслуживание
A17: Аварийное обслуживание | B17: Ежедневно | C17: руб. | D17: 0.13 | E17: 1553.6
A18: Благоустройство и обеспечение санитарного состояния МКД и придомовой територии
A19: Дезинфекция мест общего пользования МКД | B19: По факту | C19: руб. | D19: =E19 -> 5745.6 | E19: 5745.6
A20: Окраска известковыми составами: по кирпичу и бетону (бордюр. столбики, столбы) | B20: По факту | C20: руб. | D20: =E20 -> 946.87 | E20: 946.87
A21: Очистка дождеприемных колодцев | B21: По факту | C21: руб. | D21: =E21 -> 6955.62 | E21: 6955.62
A22: Очистка желобов от мусора: вручную (при расчете 1 кг. мусора = 1 м 1 желоба) | B22: 10 | C22: м | D22: =E22/B22 -> 135.623 | E22: 1356.23
A23: Ремонт качели-маятник без окраски | B23: 1 | C23: шт | D23: =E23/B23 -> 1717.13 | E23: 1717.13
A24: Уборка придомовой территории и лестничных клеток | B24: По тарифу | C24: руб. | D24: =E24 -> 49715.33 | E24: 49715.33
A25: Уборка чердаков и подвалов | B25: По тарифу | C25: руб. | D25: =E25 -> 198.98 | E25: 198.98
A26: Обслуживание и текущий ремонт инженерного оборудования
A27: Консервация системы отопления | B27: 1 | C27: 100 м | D27: =E27/B27 -> 724.61 | E27: 724.61
A28: Осмотр кровли,чердака,подъездов,подвала,фасада-после землетр-ия, в т.ч. рем-т выявленных повреждений | B28: По факту | C28: руб. | D28: =E28 -> 1544.25 | E28: 1544.25
A29: Проверка работ-ти запорной арматуры, устранение мелких неисправностей, проверка работы ПУ РХВ | B29: 0.01 | C29: 100 шт. | D29: =E29/B29 -> 30407 | E29: 304.07
A30: Запуск потока воды: отопление, ГВС, ХВС | B30: 2 | C30: 1 узел | D30: =E30/B30 -> 101.26 | E30: 202.52
A31: Запуск системы отопления. | B31: 1 | C31: 1 здание | D31: =E31/B31 -> 1012.36 | E31: 1012.36
A32: Осмотр подвальных помещений | B32: 0.17 | C32: 1000 м2 | D32: =E32/B32 -> 1813.7059 | E32: 308.33
A33: Осмотр подъездов, подвального помещения, чердачного помещения - по жалобе | B33: 0.1 | C33: 1000 м2 | D33: =E33/B33 -> 4007.2 | E33: 400.72
A34: Осмотр системы центрального отопления, устройства в чердачных и подвальных помещениях | B34: 0.17 | C34: 1000 м2 | D34: =E34/B34 -> 2032.3529 | E34: 345.5
A35: Осмотр СТО | B35: 0.04 | C35: 100 квартир | D35: =E35/B35 -> 30193.75 | E35: 1207.75
A36: Осмотр СТО в чердачных и подвальных помещениях (весенний и осенний) | B36: 1.54 | C36: 1000 м2 | D36: =E36/B36 -> 1919.013 | E36: 2955.28
A37: Осмотр СТО в чердачных и подвальных помещениях ФКР | B37: 0.77 | C37: 1000 м2 | D37: =E37/B37 -> 2028.1688 | E37: 1561.69
A38: Откачка воды из ливневки, приямка. дренажного колодца | B38: 0.045 | C38: 100 м3 | D38: =E38/B38 -> 77984.444 | E38: 3509.3
A39: Перевод отопления с подачи на обратку или с обратки на подачу | B39: 4 | C39: узел | D39: =E39/B39 -> 252.1725 | E39: 1008.69
A40: Перекрытие потока воды: отопление, ГВС, ХВС | B40: 2 | C40: 1 узел | D40: =E40/B40 -> 81.315 | E40: 162.63
A41: Подготовка элеваторного узла | B41: 1 | C41: шт | D41: =E41/B41 -> 4397.99 | E41: 4397.99
A42: Промывка трубопровода системы отопления | B42: 1 | C42: 1 здание | D42: =E42 -> 8045.48 | E42: 8045.48
A43: Сдача ИТП представителю энергоснабжающей организации | B43: 1 | C43: 1 ИТП | D43: =E43/B43 -> 891.83 | E43: 891.83
A44: Сдача РХВ представителю водоканала, составление акта | B44: 0.01 | C44: 1 ИТП | D44: =E44/B44 -> 30424 | E44: 304.24
A45: Снятие и запись замера в наряде (ИТП,РХВ) | B45: 32 | C45: 1 ИТП | D45: =E45/B45 -> 299.67937 | E45: 9589.74
A46: Обслуживание и текущий ремонт конструктивных элементов
A47: Демонтаж козырька над входной дверью в подъезд | B47: 0.025 | C47: т | D47: =E47/B47 -> 38190 | E47: 954.75
A48: Демонтаж- монтаж дверного полотна | B48: 1 | C48: шт | D48: =E48/B48 -> 1238.32 | E48: 1238.32
A49: Заделка выбоин в цементных полах площадью до: 0,25 м2 | B49: 0.03 | C49: 100 мест | D49: =E49/B49 -> 20659.667 | E49: 619.79
A50: Замена наличников с изготовлением | B50: 1 | C50: 1 м изделий | D50: =E50/B50 -> 141.65 | E50: 141.65
A51: Зачистка деревянных поручней наждачной бумагой | B51: 0.14 | C51: 100 м | D51: =E51/B51 -> 642.21429 | E51: 89.91
A52: Монтаж козырька над входной дверью в подъезд | B52: 0.025 | C52: т | D52: =E52/B52 -> 52510.4 | E52: 1312.76
A53: Огрунтовка ранее окрашенных фасадов под окраску перхлорвиниловыми красками: простых с земли и лесов | B53: 0.001 | C53: 100 м2 | D53: =E53/B53 -> 4490 | E53: 4.49
A54: Окраска водоэмульсионными составами поверхностей стен. ранее окрашенных поверхностей | B54: 0.021 | C54: 100 м2 | D54: =E54/B54 -> 20590.476 | E54: 432.4
A55: Окраска масляными составами по дереву: доски объявления | B55: 0.005 | C55: 100 м2 | D55: =E55/B55 -> 32312 | E55: 161.56
A56: Окраска перхлорвиниловыми красками по подготовленной пов-ти фасадов: простых за 2р с земли и лесов | B56: 0.001 | C56: 100 м2 | D56: =E56/B56 -> 15130 | E56: 15.13
A57: Окраска эмалевыми составами по дереву с подготовкой поверхности: заполнений дверных проемов | B57: 0.175 | C57: 100 м2 | D57: =E57/B57 -> 46072.686 | E57: 8062.72
A58: Осмотр кровли,чердака,подъездов,подвала,фасада-после землетр-ия, в т.ч. рем-т выявленных повреждений | B58: По факту | C58: руб. | D58: =E58 -> 1544.25 | E58: 1544.25
A59: Ремонт дверных полотен (выдергивание гвоздей, подгонка, установка, укрепление притворной планки) | B59: 4 | C59: шт | D59: =E59/B59 -> 447.725 | E59: 1790.9
A60: Ремонт штукатурки гладких фасадов по камню и бетону с земли и лесов. | B60: 0.001 | C60: 100 м2 | D60: =E60/B60 -> 149740 | E60: 149.74
A61: Смена дверных приборов: ручки-скобы | B61: 0.02 | C61: 100 приборов | D61: =E61/B61 -> 23837 | E61: 476.74
A62: Снятие дверных полотен | B62: 0.017 | C62: 100 м2 | D62: =E62/B62 -> 18345.882 | E62: 311.88
A63: Снятие многослойных лакокрасочных покрытий: с дверных полотен | B63: 11.719 | C63: м2 | D63: =E63/B63 -> 967.20539 | E63: 11334.68
A64: Снятие оконных переплетов: остекленных | B64: 0.05 | C64: 100 м2 | D64: =E64/B64 -> 24698.8 | E64: 1234.94
A65: Укрепление слаботочной эл. проводки | B65: 0.02 | C65: 100 м | D65: =E65/B65 -> 2789.5 | E65: 55.79
A66: Установка ГКЛ | B66: 0.003 | C66: 100 м2 | D66: =E66/B66 -> 90703.333 | E66: 272.11
A67: Установка дверных полотен: наружных. кроме балконных | B67: 0.01 | C67: 100 шт. | D67: =E67/B67 -> 90426 | E67: 904.26
A68: Установка досок объявлений с изготовлением | B68: 0.01 | C68: 100 шт. | D68: =E68/B68 -> 52598 | E68: 525.98
A69: Устройство и разборка неинвентарных лесов | B69: 0.1 | C69: 100 м2 | D69: =E69/B69 -> 24615.8 | E69: 2461.58
A70: Шпатлевка поручня | B70: 0.028 | C70: 100 м2 | D70: =E70/B70 -> 12579.286 | E70: 352.22
... A75: Очистка кровли от снега толщ. 10см, сбивание сосулей | B75: 1.5 | C75: 1 м 1 основания | D75: =E75/B75 -> 46.986667 | E75: 70.48
A76: Плановые проверки вентиляционных каналов и оголовков | B76: По плану | C76: 1000 м2 | D76: =E76 -> 6658.78 | E76: 6658.78
A77: Смена дверных приборов: пружин | B77: 0.01 | C77: 100 приборов | D77: =E77/B77 -> 38136 | E77: 381.36
A78: Укрепление козырька над входной дверью в подъезд | B78: 0.05 | C78: т | D78: =E78/B78 -> 74548.6 | E78: 3727.43
A79: Обслуживание и текущий ремонт электрооборудования жилых домов
A80: Обслуживание и текущий ремонт электрооборудования жилых домов | B80: По договору | C80: руб. | D80: =E80 -> 4484.64 | E80: 4484.64
A81: Обслуживание ОДПУ
A82: Техническое обслуживание ОДПУ | B82: По договору | C82: руб. | D82: =E82 -> 5400 | E82: 5400
A83: Расходы на истребование задолженности по оплате жилых помещений. Содержание информационных систем
A84: Истребование дебиторской задолженности | B84: По факту | C84: руб. | D84: =E84 -> 4600 | E84: 4600
A85: Содержание информационных систем, обеспечивающих сбор, обработку и хранение данных | B85: По факту | C85: руб. | D85: =E85 -> 239.02 | E85: 239.02
A86: Текущий ремонт
A87: Ремонт балконов | B87: По плану | C87: шт | D87: =E87 -> 51740.14 | E87: 51740.14
A88: Ремонт подъезда | B88: По плану | C88: шт | D88: =E88 -> 76256.57 | E88: 76256.57
A89: Ремонт тамбура | B89: По плану | C89: шт | D89: =E89 -> 4599.43 | E89: 4599.43
A90: Услуги по управлению МКД
A91: Услуги по управлению МКД | B91: Ежедневно | C91: руб. | D91: =E91 -> 30573.795 | E91: =SUM(E16:E89)*10% -> 30573.795
A92: Итого: | E92: =SUM(E16:E91) -> 336311.74
A95: 2. Всего за период с "01"января 2020 г. по "31"декабря 2020 г. выполнено работ на общую сумму 336311.75 руб. (Триста тридцать шесть тысяч триста одиннадцать рублей 75 копеек)
A96: 3. Работы (услуги) выполнены (оказаны) полностью, в установленные сроки, с надлежащим качеством.
A97: 4. Претензий по выполнению условий Договора Стороны друг к другу не имеют.
A98: Настоящий акт составлен в 2-х экземплярах, имеющих одинаковую юридическую силу, по одному для каждой из Сторон.
A101: Исполнитель - Директор ООО "ТРЭК", Плотников А.А.
A102: ___________________________________________ ____________________________________
D103: (подпись)
A105: Заказчик - ________________________________________ __________________________________
D106: (подпись)

Sheet 2021
A1: Отчет по бюджету № 55/2-2021
A3: Период: с 01.01.2021 по 31.12.2021 года.
A5: ОБЩИЕ СВЕДЕНИЯ ОБ ОБЪЕКТЕ
A6: Этажность | B6: 3 | C6: Общая жилая площадь, м2 | D6: 995.9 | E6: Площадь кровли, м2 | F6: 626.8
A7: Количество подъездов | B7: 2 | C7: Площадь нежилых помещений, м2 | D7: 0 | E7: Площадь чердаков, м2 | F7: 404.4
A8: Количество квартир | B8: 9 | C8: Площадь л/ клеток, тамбуров, лифтов, м/камер, м2 | D8: 53.2 | E8: Площадь подвалов, м2 | F8: 312.7
A11: Наименование | F11: Значение
A12: Переходящие остатки денежных средств за выполненные работы (на начало периода; + резерв, - долг) | F12: 133152.8
A13: Задолженность по оплате за содержание и текущий ремонт общего имущества МКД (на начало периода) | F13: 80777.58
A14: Начислено за работы (услуги) по содержанию и текущему ремонту и аренду общего имущества МКД, в том числе: | F14: =SUM(F15:F17) -> 272364.49
A15: - за жилые помещения | F15: 179142.49
A16: - за нежилые помещения
A17: - за рекламу и аренду общего имущества МКД | F17: 93222
A18: Получено денежных средств, в т. ч: | F18: =SUM(F19:F21) -> 321124.24
A19: - за жилые помещения | F19: 224914.22
A20: - за нежилые помещения
A21: - за рекламу и аренду общего имущества МКД | F21: 96210.02
A22: Всего денежных средств с учетом остатков | F22: =F12+F18 -> 454277.04
A23: Выполненные работы (оказанные услуги) по содержанию общего имущества и текущему ремонту в отчетном периоде | F23: =акт21!E81 -> 174423.67
A24: Переходящие остатки денежных средств за выполненные работы (на конец периода; + резерв, - долг) | F24: =F22-F23 -> 279853.37
A25: Задолженность по оплате за содержание и текущий ремонт общего имущества МКД (на конец периода) | F25: =F13+F14-F18 -> 32017.83
A27: Директор ООО "ТРЭК" Плотников А.А. __________________
A28: Отчет составил: экономист _______________
A29: Отчет получил: ________________________________________________________
A30: Дата __________________

Sheet акт21
A2: .
A3: АКТ № 55/2
A4: приемки оказанных услуг и (или) выполненных работ по содержанию
A5: и текущему ремонту общего имущества в многоквартирном доме
A6: г. Ангарск | E6: 31 марта 2022 г.
A8: Собственники помещений в многоквартином доме, расположенном по адресу: ________________________ , именуемые в дальнейшем "Заказчик", в лице ___________________________________________________________________________________,
A9: являющегося собственником квартиры № _____, находящейся в данном многоквартирном доме, действующего на основании протокола общего собрания собственников, с одной стороны, и управляющая компания ООО "ТРЭК", именуемая в дальнейшем
A10: "Исполнитель", в лице директора Плотникова А.А., действующего на основании Устава, с другой стороны, совместно именуемые "Стороны", составили настоящий акт о нижеследующем:
A11: 1. Исполнителем предъявлены к приемке следующие оказанные на основании договора управления многоквартирным домом или договора оказания услуг по содержанию и (или) выполнению работ по ремонту общего имущества в многоквартирном
A12: доме, либо договора подряда по выполнению работ по ремонту общего имущества в многоквартирном доме (указать нужное) № _______ от "____" ___________________ ______ г. (далее - "Договор") услуги и (или) выполненные работы по содержанию
A13: и текущему ремонту общего имущества в многоквартирном доме № _____, расположенном по адресу: ______________________:
A15: Наименование вида работы (услуги) | B15: Периодичность / количественный показатель выполненной работы (оказанной услуги) | C15: Единица измерения работы (услуги) | D15: Стоимость / сметная стоимость выполненной работы (оказанной услуги) за единицу | E15: Цена выполненной работы (оказанной услуги), в рублях
A16: Аварийное обслуживание
A17: Аварийное обслуживание | B17: Ежедневно | C17: руб. | D17: 0.14 | E17: 1673.11
A18: Благоустройство и обеспечение санитарного состояния МКД и придомовой територии
A19: Уборка придомовой территории и лестничных клеток | B19: По тарифу | C19: м2 | D19: =E19 -> 49715.28 | E19: 49715.28
A20: Уборка чердаков и подвалов | B20: По тарифу | C20: м2 | D20: =E20 -> 1195.2 | E20: 1195.2
A21: Окраска известковыми составами: по кирпичу и бетону (бордюр. столбики, столбы) | B21: По факту | C21: руб. | D21: =E21 -> 946.87 | E21: 946.87
A22: Услуги по вывозу и утилизации листвы, веток, деревьев, скошенной травы , смета и др. | B22: По факту | C22: руб. | D22: =E22 -> 1353.81 | E22: =1353.81 -> 1353.81
A23: Услуги спец.техники по благоустройству (очистка наледи, снега) | B23: По факту | C23: руб. | D23: =E23 -> 1541.56 | E23: =1541.56 -> 1541.56
A24: Обслуживание и текущий ремонт инженерного оборудования
A25: Изоляция трубопроводов матами с совмещенным покрывным слоем | B25: 0.19 | C25: 100 м3 | D25: =E25/B25 -> 21479.105 | E25: 4081.03
A26: Запуск потока воды: отопление, ГВС, ХВС | B26: 4 | C26: 1 узел | D26: =E26/B26 -> 98.4225 | E26: 393.69
A27: Запуск системы отопления. | B27: 1 | C27: 1 здание | D27: =E27/B27 -> 1005.22 | E27: 1005.22
A28: Опрессовка ТУ диаметром: до 50 мм | B28: 1 | C28: 100 м | D28: =E28/B28 -> 828.19 | E28: 828.19
A29: Осмотр и устранение мелких неисправностей на РХВ | B29: 1 | C29: шт | D29: =E29/B29 -> 149.54 | E29: 149.54
A30: Осмотр подъездов, подвального помещения, чердачного помещения - по жалобе | B30: 0.1 | C30: 1000 м2 | D30: =E30/B30 -> 3830.2 | E30: 383.02
A31: Осмотр СТО | B31: 0.02 | C31: 100 квартир | D31: =E31/B31 -> 28725.5 | E31: 574.51
A32: Осмотр СТО в чердачных и подвальных помещениях ФКР | B32: =2*0.77 -> 1.54 | C32: 1000 м2 | D32: =E32/B32 -> 957.46104 | E32: 1474.49
A33: Осмотр СТО в чердачных и подвальных помещениях (весенний и осенний) | B33: =2*0.77 -> 1.54 | C33: 1000 м2 | D33: =E33/B33 -> 1811.7143 | E33: =2*1395.02 -> 2790.04
A34: Откачка воды из ливневки, приямка. дренажного колодца | B34: 0.09 | C34: 100 м3 | D34: =E34/B34 -> 75068.889 | E34: 6756.2
A35: Отключение системы отопления | B35: 1 | C35: 1 здание | D35: =E35/B35 -> 611.75 | E35: 611.75
A36: Очистка канализационной сети: внутренней | B36: 0.21 | C36: 100 м | D36: =E36/B36 -> 17489.048 | E36: 3672.7
A37: Перевод отопления с подачи на обратку или с обратки на подачу | B37: 3 | C37: узел | D37: =E37/B37 -> 253.75667 | E37: 761.27
A38: Перекрытие потока воды: отопление, ГВС, ХВС | B38: 4 | C38: 1 узел | D38: =E38/B38 -> 78.81 | E38: 315.24
A39: Подготовка элеваторного узла Д-50 к зиме | B39: 1 | C39: шт | D39: =E39/B39 -> 4474.11 | E39: 4474.11
A40: Промывка трубопровода системы отопления | B40: 1 | C40: 1 здание | D40: =E40/B40 -> 7332.6 | E40: 7332.6
A41: Сдача ИТП представителю энергоснабжающей организации | B41: 1 | C41: 1 ИТП | D41: =E41/B41 -> 866.99 | E41: 866.99
A42: Сдача РХВ представителю водоканала, составление акта | B42: 1 | C42: 1 ИТП | D42: =E42/B42 -> 598.84 | E42: 598.84
A43: Снятие и запись замера в наряде (ИТП,РХВ) | B43: 29 | C43: 1 ИТП | D43: =E43/B43 -> 302.53138 | E43: 8773.41
A44: Обслуживание и текущий ремонт конструктивных элементов
A45: Демонтаж п/ящиков (1 блок, 4 секции) | B45: 0.011 | C45: т | D45: =E45/B45 -> 18171.818 | E45: 199.89
A46: Изготовление щита из доски б/у | B46: 0.029 | C46: 100 м2 | D46: =E46/B46 -> 22057.241 | E46: 639.66
A47: Монтаж аншлагов, стенда, вывески, доски объявления и т.д. | B47: 0.01 | C47: 100 шт. | D47: =E47/B47 -> 40249 | E47: 402.49
A48: Окраска масляными составами по дереву: доски объявления | B48: 0.01 | C48: 100 м2 | D48: =E48/B48 -> 34375 | E48: 343.75
A49: Постановка заклепок в местах соединения труб | B49: 0.08 | C49: 100 шт. | D49: =E49/B49 -> 4276.625 | E49: 342.13
A50: Установка колена водосточных труб | B50: 0.02 | C50: 100 шт. | D50: =E50/B50 -> 48028 | E50: 960.56
A51: Разборка покрытий кровель. | B51: 0.03 | C51: 100 м2 | D51: =E51/B51 -> 16998 | E51: 509.94
A52: Ремонт обделок из листовой стали (парапета, карниза, отливов, т.д)-(укрепление, промазка свищ.) | B52: 8 | C52: м | D52: =E52/B52 -> 263.92125 | E52: 2111.37
A53: Ремонт обделок из листовой стали конька шириной: до 0,7 м | B53: 0.01 | C53: 100 м | D53: =E53/B53 -> 99908 | E53: 999.08
A54: Установка досок объявлений с изготовлением | B54: 0.02 | C54: 100 шт. | D54: =E54/B54 -> 53509.5 | E54: 1070.19
A55: Установка электронного замка | C55: шт | D55: =E55/B55 -> #VALUE! | E55: 10053.75
A56: Закрытие слуховых окон и люков выхода на кровлю | B56: 0.2 | C56: 10 шт. | D56: =E56/B56 -> 2327.45 | E56: 465.49
A57: Осмотр кровли, чердака, подъездов, подвального помещения - весенний осмотр | B57: 0.77 | C57: 1000 м2 | D57: =E57/B57 -> 2011.987 | E57: 1549.23
A58: Осмотр кровли, чердака, подъездов, подвального помещения - осенний осмотр | B58: 0.77 | C58: 1000 м2 | D58: =E58/B58 -> 2013.7013 | E58: 1550.55
A59: Осмотр оголовков вент. каналов с целью предотвращения закупорки в зимнее время с записью в спец. жур | B59: =2*1.254 -> 2.508 | C59: 1000 м2 | D59: =E59/B59 -> 1831.1643 | E59: =2*2296.28 -> 4592.56
A60: Очистка кровли от снега толщ. 10см, сбивание сосулей вышка | B60: 40 | C60: 1 м 1 основания | D60: =E60/B60 -> 80.63825 | E60: 3225.53
A61: Очистка воронки и колен от мусора, снега | B61: 2 | C61: шт | D61: =E61/B61 -> 599.92 | E61: 1199.84
A62: Очистка желобов от мусора: вручную (при расчете 1 кг. мусора = 3 м 1 желоба) | B62: 84.4 | C62: м | D62: =E62/B62 -> 74.716825 | E62: 6306.1
A63: Очистка желобов от мусора: вручную (при расчете 1 кг. мусора = 3 м 1 желоба) - в. | B63: 34.4 | C63: м | D63: =E63/B63 -> 97.893023 | E63: 3367.52
A64: Проверка исправности вент. каналов, правильного расположения оголовков относ. крыши и наличия тяги | B64: =4*0.627 -> 2.508 | C64: 1000 м2 | D64: =E64/B64 -> 1830.8453 | E64: =4*1147.94 -> 4591.76
A65: Смена дверных приборов: навесного замка | B65: 0.01 | C65: 100 приборов | D65: =E65/B65 -> 8442 | E65: 84.42
A66: Укладка (установка) щитов | B66: 0.029 | C66: 100 м2 | D66: =E66/B66 -> 15283.448 | E66: 443.22
A67: Укрепление дверных приборов: петли (шарниры), шпингалеты, ручки накладные | B67: 0.01 | C67: 100 шт. | D67: =E67/B67 -> 51633 | E67: 516.33
A68: Обслуживание и текущий ремонт электрооборудования жилых домов
A69: Обслуживание и текущий ремонт электрооборудования жилых домов | B69: По договору | C69: руб. | D69: =E69 -> 3792.43 | E69: 3792.43
A70: Освещение тамбура | B70: По факту | C70: руб. | D70: =E70 -> 2611.6 | E70: 2611.6
A71: Обслуживание ОДПУ
A72: Техническое обслуживание ОДПУ | B72: По договору | C72: руб. | D72: =E72 -> 3600 | E72: 3600
A73: Расходы на истребование задолженности по оплате жилых помещений. Содержание информационных систем
A74: Истребование дебиторской задолженности | B74: По факту | C74: руб. | D74: =E74 -> 535.87 | E74: 535.87
A75: Содержание информационных систем, обеспечивающих сбор, обработку и хранение данных | B75: По факту | C75: руб. | D75: =E75 -> 233.04 | E75: 233.04 | F75: =SUM(E17:E75) -> 158566.97 | G75: 144978.04
A76: Услуги по управлению МКД
A77: Услуги по управлению МКД | B77: Ежедневно | C77: руб. | D77: =E77 -> 15856.697 | E77: =SUM(E17:E75)*10% -> 15856.697
A78: Итого: | E78: =F75+E77 -> 174423.67
A81: 2. Всего за период с "01"января 2021 г. по "31"декабря 2021 г. выполнено работ на общую сумму | E81: =E78 -> 174423.67
A82: Сто семьдесят четыре тысячи четыреста двадцать три рубля 67 копеек.
A83: 3. Работы (услуги) выполнены (оказаны) полностью, в установленные сроки, с надлежащим качеством.
A84: 4. Претензий по выполнению условий Договора Стороны друг к другу не имеют.
A85: Настоящий акт составлен в 2-х экземплярах, имеющих одинаковую юридическую силу, по одному для каждой из Сторон.
A87: Подписи Сторон:
A88: Исполнитель - Директор ООО "ТРЭК", Плотников А.А.
A89: ____________________________________________________ ____________________________________
D90: (подпись)
A92: Заказчик - ________________________________________ __________________________________
D93: (подпись)
